cohdb
Replays
Latest Replays
All Replays
Popular Replays
Top Player Replays
Match Explorer
How It Works
Community
CoH3 Stats
Reddit
Sign in to upload your games and track your stats! →
Sign in with Steam
Match 41210835
Unlisted
Match 41210835
Overview
Messages
Build Orders
End
Construct Infanterie Kompanie
Pioneer Squad
Selects Terror Battlegroup
Selects Machine Gun Camouflage
MG 42 Machine Gun Team
MG 42 Machine Gun Team
GrW 34 Mortar Team
Grenadier Squad
Construct Panzergrenadier Kompanie
251 Medium Carrier
Pak 40 Anti-tank Gun Team
Panzergrenadier Squad
Selects Contempt for the Weak
Pak 40 Anti-tank Gun Team
Construct Panzer Kompanie
Kettenkrad Recon Vehicle
Panzer IV Medium Tank
Panzergrenadier Officer Quarters
Support Elements
Selects Propaganda Leaflet Drop
Panzer IV Medium Tank
Selects Defend the Fatherland
Panzer IV Medium Tank
Kettenkrad Recon Vehicle
Panzer IV Medium Tank
Propaganda Leaflet Drop
Panzer IV Medium Tank
Defend the Fatherland
Pak 40 Anti-tank Gun Team
Panzer IV Medium Tank
Selects King Tiger Heavy Tank
Panzer Officer Quarters
Stoßtruppen Squad
Pioneer Squad
Propaganda Leaflet Drop
Panzer IV Medium Tank
Defend the Fatherland
Propaganda Leaflet Drop
Panzer IV Medium Tank
251 Medium Carrier
Panzer IV Medium Tank
Propaganda Leaflet Drop
Medical Station
Stoßtruppen Squad
Pioneer Squad
Propaganda Leaflet Drop
Panzer IV Medium Tank
Panzer IV Medium Tank
Propaganda Leaflet Drop
Panzer IV Medium Tank
Stoßtruppen Squad
Selects V1 Rocket Strike
UH|ck
UH|XTC
insane
Dirle
Smokers are Jokers
max
0
0
Comments
sign in to comment!
No comments posted yet!